Map: Frozen Temple

Players

Cemzar

  • Race: Zerg Zerg
  • League: Gold

capac - Winner!

  • Race: Terran Terran
  • League: Gold

VOD

Have the link to the VOD?

Description

Time

  • Played on: May 1, 2016, 1:43 p.m.
  • Length: 21:00
Show
View Real Time Build Order
Export as new Build Order

Cemzar Zerg 

Build Orders: Hatch First 

Get SALT Encoding   

  12  0:01  Drone  
  13  0:12  Drone  
  14  0:36  Hatchery  
  14  0:41  Drone  
  14  0:58  Spawning Pool  
  14  1:00  Drone  
  14  1:06  Overlord  
  14  1:15  Overlord  
  14  1:26  Drone x2  
  16  1:44  Queen  
  18  1:47  Queen  
  18  1:50  Zergling x2  
  21  1:56  Drone x2  
  21  1:59  Drone  
  24  2:03  Drone  
  25  2:19  Drone x2  
  25  2:21  Queen  
  29  2:30  Queen  
  31  2:43  Overlord  
  31  2:44  Drone  
  31  2:45  Drone x3  
  34  3:01  Queen  
  34  3:04  Drone x2  
  38  3:06  Queen, Drone  
  42  3:20  Drone x2  
  42  3:22  Overlord x2  
  43  3:27  Extractor  
  43  3:30  Extractor, Drone  
  42  3:43  Drone  
  42  3:44  Drone x6  
  49  3:49  Extractor  
  49  3:50  Drone x3  
  49  3:51  Extractor  
  50  4:00  Roach Warren  
  49  4:03  Evolution Chamber  
  49  4:05  Evolution Chamber  
  47  4:11  Drone  
  47  4:12  Drone x4  
  52  4:29  Drone x3  
  52  4:30  Overlord, Drone  
  56  4:33  Lair  
  56  4:35  Zerg Missile Weapons Level 1  
  56  4:53  Zerg Ground Armor Level 1  
  56  4:56  Hatchery  
  55  5:04  Roach x6  
  67  5:12  Overlord  
  67  5:13  Overlord  
  67  5:14  Overlord  
  67  5:34  Overseer  
  67  5:40  Glial Reconstitution  
  67  5:46  Ravager x4  
  67  5:48  Roach  
  67  5:49  Roach x3  
  81  5:50  Overlord x4, Roach  
  81  6:09  Spire  
  80  6:13  Overlord x2  
  80  6:14  Overlord x2  
  80  6:19  Drone x6  
  86  6:43  Zerg Missile Weapons Level 2  
  86  6:46  Infestation Pit  
  85  6:51  Roach x9  
  103  7:00  Extractor  
  102  7:01  Extractor  
  78  7:24  Roach  
  78  7:25  Roach x12  
  88  7:48  Roach x8  
  88  7:49  Roach x2  
  108  8:17  Drone  
  108  8:18  Drone x10  
  105  8:47  Drone x12  
  117  8:59  Corruptor x3  
  117  9:00  Corruptor x3  
  129  9:17  Roach x5  
  139  9:24  Ravager  
  139  9:25  Ravager x3  
  139  9:27  Hatchery  
  142  9:40  Hive  
  142  9:44  Hatchery  
  141  10:03  Corruptor  
  141  10:04  Corruptor  
  141  10:06  Overlord x4  
  143  10:37  Roach  
  143  10:38  Roach x9, Corruptor x2  
  143  10:39  Corruptor x4  
  175  11:11  Greater Spire  
  175  11:12  Roach x2  
  175  11:13  Roach x2  
  175  11:14  Zerg Missile Weapons Level 3  
  175  11:15  Zerg Ground Armor Level 2  
  183  11:57  Extractor x2  
  183  11:58  Extractor  
  183  11:59  Extractor  
  179  12:23  Brood Lord x3  
  179  12:24  Brood Lord x2  
  179  12:26  Overlord x4  
  179  12:27  Overlord x4  
  189  12:42  Drone  
  190  12:46  Corruptor x5  
  116  13:33  Roach x6  
  116  13:34  Roach x24  
  147  13:35  Roach x13  
  147  13:38  Corruptor  
  158  14:20  Corruptor x4  
  158  14:21  Corruptor x4  
  108  14:53  Roach  
  108  14:54  Roach x13  
  108  14:55  Roach  
  118  15:05  Corruptor  
  122  15:11  Brood Lord  
  110  15:37  Roach  
  110  15:38  Roach x8  
  93  16:16  Corruptor  
  93  16:17  Corruptor x2  
  63  17:25  Drone x3  
  61  17:45  Drone  
  62  18:04  Spire  
  57  18:41  Ravager x4  
  61  18:42  Ravager x5  
  43  19:49  Spore Crawler x2  
  43  19:51  Drone x3, Spore Crawler  
  43  19:52  Spore Crawler  
  40  20:10  Drone  
  41  20:30  Drone x2  
Show
View Real Time Build Order
Export as new Build Order

capac Terran - Winner!

Build Orders: Reaper Expand, MMM Bio 

Get SALT Encoding   

  12  0:00  SCV  
  13  0:12  SCV  
  14  0:19  Supply Depot  
  14  0:25  SCV  
  15  0:40  SCV  
  16  0:43  Barracks  
  16  0:46  Refinery  
  16  0:52  SCV  
  17  1:04  SCV  
  18  1:16  SCV  
  19  1:30  Reaper  
  19  1:31  Orbital Command  
  20  1:41  Command Center  
  20  1:52  Supply Depot  
  20  1:57  SCV  
  21  2:02  Marine  
  22  2:12  Refinery, Factory  
  22  2:20  Barracks  
  23  2:22  SCV  
  23  2:26  Barracks Reactor  
  23  2:36  SCV  
  23  2:54  Bunker, Orbital Command  
  23  2:56  SCV  
  23  2:58  Factory Tech Lab  
  24  3:05  Marine x2  
  25  3:09  Barracks Tech Lab  
  25  3:12  SCV  
  27  3:19  SCV  
  28  3:26  SCV  
  29  3:27  Marine x2  
  29  3:28  Marine  
  29  3:31  Siege Tank  
  35  3:36  Starport, SCV  
  36  3:45  SCV  
  36  3:46  Engineering Bay  
  37  3:52  Supply Depot  
  37  3:53  SCV  
  38  3:56  Marine x2  
  38  3:57  SCV  
  38  3:58  Marine  
  42  4:03  Stimpack  
  42  4:09  SCV  
  44  4:10  SCV  
  44  4:15  Medivac  
  46  4:21  SCV  
  46  4:22  Supply Depot, Marine x2, SCV  
  50  4:34  Marine  
  51  4:39  Marine  
  52  4:48  Barracks  
  52  4:49  Starport Reactor  
  52  4:50  Barracks  
  52  4:51  Siege Tank  
  55  4:59  Marine  
  55  5:00  Marine x2  
  55  5:03  Terran Infantry Weapons Level 1  
  55  5:04  SCV x2  
  60  5:12  Refinery  
  60  5:13  Refinery  
  60  5:17  SCV x2  
  62  5:23  Supply Depot  
  62  5:27  Marine x3  
  65  5:35  Medivac  
  65  5:36  Medivac  
  65  5:42  Barracks Reactor  
  69  5:43  Supply Depot x2  
  69  5:47  SCV x2  
  71  5:50  Marine x4  
  71  5:52  Supply Depot  
  75  5:59  Siege Tank  
  78  6:05  SCV  
  79  6:14  Barracks Reactor  
  79  6:15  Supply Depot  
  79  6:21  Medivac  
  79  6:22  Medivac  
  83  6:31  Marine x3  
  83  6:32  Command Center  
  86  6:36  Marine x2  
  88  6:49  Marine x3  
  88  6:52  Siege Tank  
  88  6:54  Marine  
  95  7:07  Combat Shields  
  95  7:08  Marine  
  95  7:09  Marine x5  
  88  7:24  Marine  
  88  7:26  Marine x2  
  86  7:48  Marine x2  
  86  7:49  Marine x4  
  92  7:55  Marine  
  93  8:02  SCV  
  93  8:03  SCV  
  95  8:06  Marine x2  
  97  8:15  SCV  
  79  8:30  Marine x3  
  79  8:31  Marine x2  
  82  8:40  Marine x2  
  81  8:48  Marine  
  81  8:54  Marine x3  
  84  8:59  Marine x3  
  87  9:04  Barracks  
  87  9:06  Terran Infantry Armor Level 1, Marine  
  87  9:08  Supply Depot, Barracks  
  88  9:11  Armory  
  88  9:12  Marine, Liberator x2  
  88  9:13  Orbital Command  
  88  9:14  Engineering Bay  
  89  9:23  SCV x2  
  91  9:30  Siege Tank  
  100  9:31  Marine x3  
  100  9:32  Marine x3  
  100  9:33  Marauder  
  100  9:35  SCV  
  109  9:39  Supply Depot  
  109  9:46  Supply Depot  
  109  9:47  SCV  
  109  9:48  SCV x2  
  112  9:58  Liberator  
  112  9:59  SCV  
  113  10:00  SCV  
  114  10:07  Marine x6  
  114  10:08  Marauder  
  114  10:11  Barracks Tech Lab, Barracks Reactor  
  114  10:12  Supply Depot  
  122  10:14  Barracks  
  122  10:16  Liberator  
  122  10:17  Siege Tank  
  128  10:22  Starport  
  131  10:40  SCV x3  
  131  10:42  Marine x3  
  137  10:43  Terran Infantry Weapons Level 2  
  137  10:44  Supply Depot  
  137  10:50  Supply Depot x2  
  137  10:52  SCV x2  
  139  11:00  Marine x6  
  139  11:01  Marauder x2  
  149  11:20  Marine x8  
  149  11:22  Marine x2  
  149  11:24  Supply Depot  
  149  11:25  Terran Infantry Armor Level 2  
  159  11:27  Supply Depot  
  159  11:28  Supply Depot  
  159  11:37  Marine  
  159  11:38  Starport Reactor, Marine x2  
  162  11:40  Armory  
  162  11:44  Starport  
  162  11:47  Starport  
  162  11:59  Medivac x2  
  166  12:09  Marauder x2, Marine x3  
  166  12:10  Marine x5  
  178  12:33  Medivac x2  
  178  12:35  Refinery  
  178  12:36  Refinery  
  182  12:39  Starport Reactor x2  
  182  12:40  Liberator x2  
  182  12:46  Liberator  
  168  13:51  Marine  
  168  13:52  Marine x9  
  175  14:09  Marine  
  157  14:10  Marauder, Marine x2  
  157  14:11  Marauder  
  135  14:32  Marauder  
  127  14:44  Marine  
  127  14:45  Marine x8  
  112  14:53  Marine  
  112  14:55  Liberator  
  112  14:56  Liberator x7  
  110  15:02  Marine  
  110  15:03  Marine x8  
  119  15:10  Marine  
  144  15:20  Marine x5  
  144  15:21  Marine x4  
  153  15:28  Marine  
  154  15:38  Marine x9, Liberator  
  163  15:46  Marine  
  152  15:56  Marine x9  
  157  16:04  Marine  
  155  16:13  Marine  
  155  16:14  Marine x8  
  156  16:56  Marine x4  
  156  16:57  Marine x3  
  163  17:07  Marine  
  163  17:16  Orbital Command  
  143  17:54  Marine x4  
  145  18:34  Marine  
  145  18:35  Marine x9  
  155  18:52  Marine x2  
  155  18:53  Marine x4  
  141  19:36  Marine x2  
  141  19:37  Marine x8  
  143  19:54  Marine x2  
  143  19:55  Marine x5  
Tags
 
Add a new tag
Caveats
  • Supply blocks, unpowered buildings, or Contaminate may cause inaccurate times.
  • Supply counts are checked every 10 seconds.